 Dungeon Crawl Stone Soup version 0.27.1-4-g1640c2035a (webtiles) character file.

Game seed: 11751570435098429505

75 zeram the Skirmisher (level 4, -4/40 HPs)
             Began as a Hill Orc Fighter on Nov 11, 2021.
             Slain by a worm (5 damage)
             ... on level 3 of the Dungeon.
             The game lasted 00:02:43 (2244 turns).

zeram the Skirmisher (Hill Orc Fighter)             Turns: 2244, Time: 00:02:45

Health: -4/40      AC:  7    Str: 18    XL:     4   Next: 31%
Magic:  4/4        EV:  7    Int:  9    God:
Gold:   76         SH:  9    Dex: 10    Spells: 3/3 levels left

rFire    . . .     SeeInvis .   a - +0 war axe
rCold    . . .     Faith    .   c - +0 kite shield
rNeg     . . .     Spirit   .   b - +0 scale mail
rPois    .         Reflect  .   (no helmet)
rElec    .         Harm     .   (no cloak)
rCorr    .         Rampage  .   (no gloves)
Will     .....                  (no boots)
Stlth    ..........             (no amulet)
HPRegen  0.13/turn              d - ring of wizardry
MPRegen  0.09/turn              (no ring)

@: lethally poisoned (-4 -> -7)
A: no striking features
a: no special abilities


You were on level 3 of the Dungeon.
You visited 1 branch of the dungeon, and saw 3 of its levels.

You collected 76 gold pieces.

Inventory:

Hand Weapons
 a - a +0 war axe (weapon)
Armour
 b - a +0 scale mail (worn)
 c - a +0 kite shield (worn)
Jewellery
 d - a ring of wizardry (left hand)
Scrolls
 e - a scroll of identify


   Skills:
 + Level 4.2 Fighting
 + Level 3.9 Axes
 + Level 4.0 Armour
 + Level 3.8 Shields


You had 3 spell levels left.
You didn't know any spells.
Your spell library was empty.

Dungeon Overview and Level Annotations

Branches:
Dungeon (3/15)

Altars:


Message History

You feel sick. You block the adder's attack.
You barely miss the adder.
The adder is heavily wounded.
You feel sick. The adder bites you but does no damage.
You block the adder's attack.
You closely miss the adder.
The adder is heavily wounded.
You feel sick. The adder bites you but does no damage.
You block the adder's attack.
You completely miss the adder.
The adder is heavily wounded.
You feel sick. The adder barely misses you. You block the adder's attack.
You barely miss the adder.
The adder is heavily wounded.
You feel sick.
You are no longer poisoned.
The adder bites you but does no damage. You block the adder's attack.
You completely miss the adder.
The adder is heavily wounded.
You block the adder's attack. The adder bites you but does no damage.
You aren't carrying any potions.
Okay, then.
You hit the adder.
The adder is almost dead.
The adder barely misses you. The adder bites you but does no damage.
You closely miss the adder.
The adder is almost dead.
The adder bites you.
* * * LOW HITPOINT WARNING * * *
The adder bites you but does no damage.
You miss the adder.
The adder is almost dead.
You block the adder's attack. x2
You barely miss the adder.
The adder is almost dead.
You slash the worm! The adder bites you.
* * * LOW HITPOINT WARNING * * *
You are lethally poisoned!
The adder poisons you! You block the adder's attack. The worm bites you.
You die...

.. .. #.##.. (.#
..#.. .....#..#
..... ......# #.#.
#.#.†#.#
...###......#
#.....###†.# #†#.#
##r## #...###Sw#
###..).@## #.#####
#.###### #......#
######.# #.# #.#
#.# #.# #.#
###.#############.#


You could see a worm, an adder and a quokka.

Vanquished Creatures
  3 adders
  A worm (D:3)
  5 bats
  7 endoplasms
  2 giant cockroaches
  5 goblins
  3 hobgoblins (D:1)
  2 quokkas (D:1)
  5 ball pythons
  2 frilled lizards
  A kobold (D:1)
  6 rats
42 creatures vanquished.

Notes
Turn   | Place    | Note
-------+----------+-------------------------------------------
     0 | D:1      | zeram the Hill Orc Fighter began the quest for the Orb.
     0 | D:1      | Reached XP level 1. HP: 19/19 MP: 1/1
   241 | D:1      | Reached XP level 2. HP: 27/27 MP: 2/2
  1038 | D:2      | Reached XP level 3. HP: 5/33 MP: 3/3
  2061 | D:3      | Found a faded altar of an unknown god.
  2223 | D:3      | Reached XP level 4. HP: 40/40 MP: 4/4
  2241 | D:3      | HP: 2/40 [adder (3)]
  2244 | D:3      | Slain by a worm

Illustrated notes

Levels and vault maps discovered:
D:1:      eino_arrival_tree_alley, layout_basic
D:2:      layout_basic
D:3:      layout_loops_ring, chequers_ecumenical_altar_simple,
          minmay_fractal_squares_5

Skill      XL: |  1  2  3 |
---------------+----------+-----
Fighting       | 4 |  4.2
Axes           | 3 |  3.9
Armour         | 4 |  4.0
Shields        | |  3.8

Action                   |  1- 3 |  4- 6 || total
-------------------------+-------+-------++-------
Melee: War axe           |   106 |    18 ||   124
  Use: Scroll            |     4 |       ||     4
       Potion            |     1 |       ||     1
Armor: Scale mail        |    42 |    17 ||    59
Dodge: Dodged            |    32 |     9 ||    41
Block: Kite shield       |    46 |    18 ||    64
